 Dungeon Crawl Stone Soup version 0.29.1-1-gd02db6906a (webtiles) character file.

Game seed: 10464431829679550829

64381 Icepheonix32 the Fencer (level 14, -44/137 (138) HPs)
             Began as a Minotaur Fighter on Sept 15, 2022.
             Was the Champion of Okawaru.
             Annihilated by a skeletal warrior
             ... wielding a +3 scimitar
             ... led by a death knight
              (46 damage)
             ... on level 13 of the Dungeon.
             The game lasted 00:41:18 (20269 turns).

Icepheonix32 the Fencer (Minotaur Fighter)         Turns: 20269, Time: 00:41:18

HP:   -44/137 (138) AC: 18    Str: 31    XL:     14   Next: 71%
MP:   18/20         EV: 16    Int: 14    God:    Okawaru [******]
Gold: 375           SH:  5    Dex: 11    Spells: 13/13 levels left

rFire   + . .      SeeInvis .   D - +6 flail (holy)
rCold   . . .      Faith    .   l - orb {mayhem}
rNeg    . . .      Spirit   .   p - +0 ring mail of Death Resistance {rF- Regen+ Str+4 Int+2}
rPois   .          Reflect  +   (helmet restricted)
rElec   .          Harm     +   y - +1 cloak
rCorr   .          Rampage  .   o - +2 pair of gloves
Will    +....                   (no boots)
Stlth   +++.......              d - amulet of Ninaural {Reflect Harm rF++ Int+3 SH+5}
HPRegen 1.12/turn               u - +6 ring of strength
MPRegen 0.17/turn               P - +4 ring of protection

@: heroic, lightly drained
A: horns 2, retaliatory headbutt, clever 1, weak 1, MP-powered wands
a: Renounce Religion, Heroism, Finesse, Duel


You were on level 13 of the Dungeon.
You worshipped Okawaru.
Okawaru was exalted by your worship.
You visited 2 branches of the dungeon, and saw 18 of its levels.
You visited 1 bazaar.

You collected 2501 gold pieces.
You spent 2126 gold pieces at shops.

Inventory:

Hand Weapons
 a - the +2 Maxwell's thermic engine {flame, freeze}
   (You found it on level 4 of the Dungeon)

   It burns those it strikes, dealing additional fire damage.
   Big, fiery blades are also staple armaments of hydra-hunters.
   It freezes those it strikes, dealing additional cold damage.
   It can also slow down cold-blooded creatures.
   It becomes more effective when it hits something.
   This effect fades over time.
 A - the +6 broad axe of Ohitenn {freeze, *Corrode rF++}
   (Okawaru gifted it to you on level 13 of the Dungeon)

   It freezes those it strikes, dealing additional cold damage.
   It can also slow down cold-blooded creatures.
   rF:        It greatly protects you from fire.
   *Corrode:  It may corrode you when you take damage.
 D - a +6 flail of holy wrath (weapon)
 L - the +4 long sword of Beogh, Glowing {vorpal, Will+}
   (You bought it in a shop on level 6 of the Dungeon)

   It inflicts extra damage upon your enemies.
   Will:      It increases your willpower.
 S - a +4 triple sword of electrocution
Missiles
 h - a throwing net
 B - 3 boomerangs
 C - a curare-tipped dart
Armour
 l - an orb of mayhem (worn)
 n - a +0 tower shield
 o - a +2 pair of gloves (worn)
 p - the +0 ring mail of Death Resistance (worn) {rF- Regen+ Str+4 Int+2}
   (You took it off a crimson imp on level 9 of the Dungeon)

   Str:       It affects your strength (+4).
   Int:       It affects your intelligence (+2).
   rF:        It makes you vulnerable to fire.
   Regen:     It increases your rate of health regeneration.
 v - a +0 chain mail
 x - the +0 chain mail "Gafoih" {rPois rN+ Will- Regen+}
   (Okawaru gifted it to you on level 9 of the Dungeon)

   rPois:     It protects you from poison.
   rN:        It protects you from negative energy.
   Regen:     It increases your rate of health regeneration.
   Will:      It decreases your willpower.
 y - a +1 cloak (worn)
 E - a +3 ring mail of cold resistance
 N - the +1 leather armour of the Planets {rPois}
   (You found it on level 6 of the Dungeon)

   rPois:     It protects you from poison.
Jewellery
 c - an amulet of guardian spirit
 d - the amulet of Ninaural (around neck) {Reflect Harm rF++ Int+3 SH+5}
   (You bought it in a shop in a bazaar)

   [amulet of reflection]

   It reflects blocked missile attacks.
   Int:       It affects your intelligence (+3).
   rF:        It greatly protects you from fire.
   SH:        It affects your SH (+5).
   Harm:      It increases damage dealt and taken.
 i - an amulet of the acrobat
 u - a +6 ring of strength (left hand)
 F - a ring of poison resistance
 M - a +6 ring of intelligence
 P - a +4 ring of protection (right hand)
 Q - an amulet of faith
 R - a ring of ice
 U - the amulet of Hospitality {Spirit SInv}
   (You bought it in a shop in a bazaar)

   [amulet of guardian spirit]

   It causes incoming damage to be divided between your reserves of health and
   magic.
   SInv:      It lets you see invisible.
 Z - a ring of protection from fire
Wands
 j - a wand of polymorph (19)
 w - a wand of digging (5)
 K - a wand of iceblast (11)
 V - a wand of flame (18)
Scrolls
 b - a scroll of fog
 e - 3 scrolls of silence
 g - 8 scrolls of teleportation
 m - 2 scrolls of poison
 r - a scroll of magic mapping
 t - a scroll of blinking
 G - 3 scrolls of immolation
 I - a scroll of enchant armour
 O - 5 scrolls of identify
 X - 2 scrolls of fear
 Y - 2 scrolls of torment
Potions
 f - 2 potions of berserk rage
 k - 2 potions of magic
 q - 3 potions of lignification
 z - a potion of invisibility
 H - 2 potions of brilliance
 J - a potion of curing
 T - a potion of haste
 W - 2 potions of attraction


   Skills:
 * Level 16.3(21.3) Fighting
 * Level 18.1(23.1) Long Blades
 - Level 4.9(10.3) Axes
 - Level 2.6(9.1) Maces & Flails
 + Level 0.4(5.4) Throwing
 + Level 9.7(14.7) Armour
 + Level 7.4(12.4) Dodging
 + Level 4.9(9.9) Stealth
 - Level 4.0(9.0) Shields
 * Level 9.5 Invocations
 * Level 5.6 Evocations


You had 13 spell levels left.
You didn't know any spells.
Your spell library contained the following spells:

 Spells                   Type           Power      Damage    Failure   Level
 Beastly Appendage        Tmut           0%         N/A       36%         1
 Ensorcelled Hibernation  Hex/Ice        0%         N/A       50%         2
 Passwall                 Tmut/Erth      0%         N/A       50%         2
 Poisonous Vapours        Pois/Air       0%         N/A       50%         2
 Wereblood                Tmut           0%         N/A       50%         2
 Conjure Flame            Conj/Fire      0%         6-21      73%         3
 Ignite Poison            Fire/Tmut/Pois 0%         N/A       73%         3
 Spider Form              Tmut/Pois      0%         N/A       73%         3
 Swiftness                Air            0%         N/A       73%         3
 Corpse Rot               Necr/Pois/Air  0%         N/A       98%         4
 Sticky Flame             Conj/Fire      0%         2d3       98%         4
 Storm Form               Tmut/Air       0%         N/A       100%        7
 Maxwell's Capacitive Co  Air            0%         ∞         100%        8
 Summon Lightning Spire   Summ/Air       Unusable   N/A       N/A         4

Dungeon Overview and Level Annotations

Branches:
Dungeon (13/15)            Temple (0/1) D:7            Lair (5/5) D:10
 Shoals (0/4) Lair:3        Snake (0/4) Lair:3        Slime (0/5) Lair:4
    Orc (0/2) D:9          Vaults (0/5) D:13

Altars:
Hepliaklqana
Kikubaaqudgha
Okawaru
Sif Muna
Uskayaw
Wu Jian
Xom
Yredelemnul

Shops:
D:6 (

Annotations:
D:10 exclusions: ice statue and orange crystal statue
D:13 Sonja


Innate Abilities, Weirdness & Mutations

You have a pair of horns on your head.
You reflexively headbutt those who attack you in melee.
Your mind is acute. (Int +4, Str/Dex -1)
You are weak. (Str -2)
You expend magic power (3 MP) to strengthen your wands.


Message History

The skeletal warrior is moderately damaged.
The skeletal warrior completely misses you.
Unknown command.
You barely miss the skeletal warrior.
The skeletal warrior is moderately damaged.
The skeletal warrior closely misses you.
The engine shudders to a halt.
Your +6 flail of holy wrath softly glows with a divine radiance!
D - a +6 flail of holy wrath (weapon)
You hit the skeletal warrior but do no damage.
The skeletal warrior is moderately damaged.
The skeletal warrior hits you with a +3 scimitar!!
The skeletal warrior hits you with a +3 scimitar!
You hit the skeletal warrior but do no damage.
The skeletal warrior is moderately damaged.
The skeletal warrior hits you with a +3 scimitar!!
* * * LOW HITPOINT WARNING * * *
The skeletal warrior misses you.
You are too injured to fight recklessly!
You are too injured to fight recklessly!
Unknown command.
You feel much better.
The skeletal warrior hits you with a +3 scimitar!!
* * * LOW HITPOINT WARNING * * *
You gain the combat prowess of a mighty hero.
The skeletal warrior closely misses you.
The skeletal warrior hits you with a +3 scimitar!!
* * * LOW HITPOINT WARNING * * *
Unknown command.
You sock the skeletal warrior!
The skeletal warrior convulses!!
Your headbutt misses the skeletal warrior.
The skeletal warrior is almost destroyed.
The skeletal warrior hits you with a +3 scimitar!
* * * LOW HITPOINT WARNING * * *
You hit the skeletal warrior but do no damage.
You headbutt the skeletal warrior.
The skeletal warrior is almost destroyed.
The skeletal warrior barely misses you.
The skeletal warrior hits you with a +3 scimitar!!!
You die...

..##.##......................,,,,
###..........................,,,,
###..################..######****
.....################........,,,,
.............................,,,,
..............).#############**,,
......########).# *,,
..,,,.########).########*******,,
..,,,.....[.....@.......,,,,,,,,,
..,,,........).).z......,,,,,,,,,
##***#######............,********
#.............###*****
***********#)...............,,,,,
,,,,,.......................,,,,,
,,,,,.......:...............,,,,,
***,,################......>,,,,,
*,,* *......g,,,,,


You could see a neutral skeletal warrior (fast, strong, insane).

Vanquished Creatures
  Rupert (D:13)
  Jorgrun (D:13)
  Snorg (D:11)
  A fire dragon (Lair:5)
  Josephine (D:13)
  4 hydras
  5 boulder beetles
  Erolcha (D:9)
  3 two-headed ogres
  3 centaur warriors (D:13)
  A tengu warrior (D:13)
  A deep elf knight (D:13)
  2 skeletal warriors (D:13)
  2 deep elf zephyrmancers (D:13)
  A lindwurm (Lair:5)
  2 deep elf pyromancers
  6 cyclopes
  3 ugly things
  A manticore (D:12)
  7 centaur zombies (D:11)
  5 black mambas
  11 elephants
  A molten gargoyle (Lair:5)
  A torpor snail (Lair:3)
  2 gargoyles
  A centaur skeleton (D:13)
  9 cane toads
  4 komodo dragons
  5 rime drakes
  A freezing wraith (D:13)
  A kobold demonologist (D:9)
  4 trolls
  A polar bear (Lair:5)
  A hornet (D:9)
  3 meliai zombies (D:11)
  3 slime creatures (D:12)
  13 blink frogs
  Sigmund (D:2)
  2 shadows (D:11)
  Eustachio (D:6)
  2 basilisks
  5 wraiths
  A wyvern (Lair:5)
  40 yaks
  3 hogs (Lair:5)
  Edmund (D:4)
  3 vampire mosquitoes (D:13)
  3 wargs (D:10)
  An acid dragon (D:12)
  4 water moccasins
  2 nagas (Lair:3)
  4 orc warriors
  4 hell hounds (Lair:5)
  A black bear (Lair:4)
  An ice beast (D:7)
  A sky beast (D:6)
  3 ogres
  A boggart (D:13)
  5 centaurs
  2 wolves (Lair:4)
  10 kobold brigands
  A phantom (D:4)
  9 bullfrogs
  3 scorpions
  14 wights
  Dowan (D:5)
  9 killer bees
  2 howler monkeys
  6 electric eels (D:10)
  8 crimson imps (D:9)
  A lava snake (Lair:5)
  A jelly (D:6)
  2 hounds
  8 orc priests
  Crazy Yiuf (D:4)
  2 gnoll boudas
  An iguana (D:4)
  15 orc wizards
  A boggart zombie (D:11)
  A boggart skeleton (D:13)
  A howler monkey zombie (D:11)
  13 gnolls
  4 adders
  A shadow imp (D:7)
  A white imp (D:9)
  2 ufetubi (D:5)
  A dart slug (D:2)
  35 orcs
  4 endoplasms
  7 giant cockroaches
  8 goblins
  10 hobgoblins
  11 jackals
  5 quokkas
  6 ball pythons
  6 bats
  4 frilled lizards
  19 kobolds
  9 rats
447 creatures vanquished.

Vanquished Creatures (collateral kills)
  Kirke (Lair:5)
  A lindwurm (Lair:3)
  2 elephants
  2 molten gargoyles (Lair:5)
  A cane toad (Lair:5)
  A gargoyle (D:12)
  An unseen horror (D:12)
  A centaur skeleton (D:13)
  6 komodo dragons
  Grinder (D:4)
  A blink frog (Lair:4)
  6 yaks
  2 wyverns
  4 hogs (Lair:5)
  A black bear (D:7)
  A wolf (Lair:4)
  A kobold brigand (D:9)
  A bullfrog (D:9)
  4 wights
  3 lava snakes (Lair:5)
  5 orc wizards
  A gnoll (D:9)
  13 orcs
  4 kobolds (D:9)
64 creatures vanquished.

Vanquished Creatures (others)
  A deep elf zephyrmancer (D:13)
  A water moccasin (Lair:5)
  2 kobold brigands (D:9)
  2 killer bees
  An orc wizard (D:9)
  2 kobolds (D:9)
  6 fungi
  13 plants
28 creatures vanquished.

Grand Total: 539 creatures vanquished

Notes
Turn   | Place    | Note
-------+----------+-------------------------------------------
     0 | D:1      | Icepheonix32 the Minotaur Fighter began the quest for the
                  | Orb.
     0 | D:1      | Reached XP level 1. HP: 19/19 MP: 0/0
   137 | D:1      | Reached XP level 2. HP: 18/27 MP: 1/1
   439 | D:1      | Found a faded altar of an unknown god.
   538 | D:1      | Reached XP level 3. HP: 33/33 MP: 2/2
   782 | D:2      | Noticed Sigmund
   794 | D:2      | Killed Sigmund
   795 | D:2      | Reached skill level 5 in Fighting
   795 | D:2      | Reached skill level 1 in Dodging
   795 | D:2      | Reached XP level 4. HP: 14/42 MP: 3/3
   795 | D:2      | Reached XP level 5. HP: 17/48 MP: 4/4
   990 | D:2      | Found an iron altar of Okawaru.
  1075 | D:2      | Became a worshipper of Warmaster Okawaru
  1635 | D:3      | Reached XP level 6. HP: 56/56 MP: 5/5
  1663 | D:3      | Reached skill level 5 in Armour
  1876 | D:3      | Identified the +3 whip of Destiny {drain, rCorr}
  2316 | D:4      | Reached skill level 1 in Invocations
  2372 | D:4      | Noticed Grinder
  2384 | D:4      | Killed Grinder
  2384 | D:4      | Reached * piety under Okawaru
  2385 | D:4      | Reached XP level 7. HP: 43/63 MP: 5/7
  2929 | D:4      | Found the +2 Maxwell's thermic engine {flame, freeze}
  2980 | D:4      | Noticed Edmund
  2985 | D:4      | Killed Edmund
  2986 | D:4      | Reached skill level 1 in Long Blades
  3332 | D:4      | Found a runed translucent door.
  3333 | D:4      | Noticed Crazy Yiuf
  3338 | D:4      | Killed Crazy Yiuf
  3685 | D:5      | Entered Level 5 of the Dungeon
  3827 | D:5      | Reached ** piety under Okawaru
  3828 | D:5      | Reached skill level 2 in Long Blades
  3889 | D:5      | Reached XP level 8. HP: 73/73 MP: 9/9
  3974 | D:5      | Reached skill level 3 in Long Blades
  4086 | D:5      | Noticed Dowan
  4097 | D:5      | Killed Dowan
  4098 | D:5      | Reached skill level 4 in Long Blades
  4177 | D:6      | Found a shimmering blue altar of Sif Muna.
  4553 | D:6      | Reached skill level 5 in Long Blades
  4596 | D:6      | Found Atsu's Antique Weapon Boutique.
  4601 | D:6      | Bought a warped long sword for 212 gold pieces
  4601 | D:6      | Identified the +4 long sword of Beogh, Glowing {vorpal,
                  | Will+} (You bought it in a shop on level 6 of the Dungeon)
  4704 | D:6      | Noticed Eustachio
  4712 | D:6      | Killed Eustachio
  4713 | D:6      | Reached skill level 6 in Long Blades
  4718 | D:6      | Reached *** piety under Okawaru
  4725 | D:6      | Reached skill level 7 in Long Blades
  4726 | D:6      | Reached XP level 9. HP: 72/80 MP: 9/11
  4777 | D:6      | Identified the +1 leather armour of the Planets {rPois}
  5074 | D:7      | Found a hazy altar of Hepliaklqana.
  5226 | D:7      | Reached skill level 8 in Long Blades
  5519 | D:7      | Found a staircase to the Ecumenical Temple.
  5653 | D:7      | Gained mutation: You are weak. (Str -2) [potion of
                  | mutation]
  5653 | D:7      | Gained mutation: You are occasionally teleported next to
                  | monsters. [potion of mutation]
  5653 | D:7      | Gained mutation: You have a somewhat thin skeletal
                  | structure. (Dex +2, Stealth+) [potion of mutation]
  5726 | D:7      | Identified the +9 war axe of Guts {vorpal, rElec Str-5
                  | Int+8}
  6089 | D:8      | Reached skill level 1 in Stealth
  6514 | D:8      | Reached skill level 9 in Long Blades
  7932 | D:8      | Identified a scroll of acquirement
  7933 | D:8      | Acquired 1019 gold pieces
  7960 | D:9      | Reached **** piety under Okawaru
  8041 | D:9      | Found a staircase to the Orcish Mines.
  8042 | D:9      | Noticed a two-headed ogre
  8062 | D:9      | Killed a two-headed ogre
  8063 | D:9      | Reached skill level 10 in Long Blades
  8063 | D:9      | Reached skill level 5 in Invocations
  8063 | D:9      | Reached XP level 10. HP: 46/91 MP: 12/12
  8323 | D:9      | Noticed Erolcha
  8326 | D:9      | Killed Erolcha
  8326 | D:9      | Reached ***** piety under Okawaru
  8362 | D:9      | Noticed a two-headed ogre
  8367 | D:9      | Killed a two-headed ogre
  8368 | D:9      | Reached skill level 11 in Long Blades
  8478 | D:9      | Reached skill level 10 in Fighting
  8484 | D:9      | Identified the +0 chain mail "Gafoih" {rPois rN+ Will-
                  | Regen+} (Okawaru gifted it to you on level 9 of the
                  | Dungeon)
  8484 | D:9      | Received a gift from Okawaru
  8500 | D:9      | Paralysed by a hornet for 2 turns
  8579 | D:9      | Reached skill level 12 in Long Blades
  8825 | D:9      | Noticed a boulder beetle
  9171 | D:9      | Reached XP level 11. HP: 68/101 MP: 14/14
  9645 | D:9      | Identified the +0 ring mail of Death Resistance {rF- Regen+
                  | Str+4 Int+2}
  9949 | D:9      | Killed a boulder beetle
 10115 | D:10     | Entered Level 10 of the Dungeon
 10406 | D:10     | Found a staircase to the Lair.
 10433 | D:10     | Reached skill level 13 in Long Blades
 10856 | D:10     | Noticed a two-headed ogre
 10859 | D:10     | Killed a two-headed ogre
 10901 | Lair:1   | Entered Level 1 of the Lair of Beasts
 11051 | Lair:1   | Received a gift from Okawaru
 11215 | Lair:1   | Reached skill level 14 in Long Blades
 11215 | Lair:1   | Reached skill level 1 in Evocations
 11363 | Lair:1   | Noticed a seven-headed hydra
 11368 | Lair:1   | Killed a four-headed hydra
 11369 | Lair:1   | Reached skill level 5 in Dodging
 11369 | Lair:1   | Reached XP level 12. HP: 88/112 MP: 16/16
 12021 | Lair:2   | Noticed a four-headed hydra
 12032 | Lair:2   | Killed a one-headed hydra
 12171 | Lair:2   | Reached skill level 15 in Long Blades
 12248 | Lair:2   | Reached ****** piety under Okawaru
 12785 | Lair:3   | Noticed a boulder beetle
 12790 | Lair:3   | Killed a boulder beetle
 12790 | Lair:3   | Received a gift from Okawaru
 13133 | Lair:3   | Found a staircase to the Shoals.
 13203 | Lair:3   | Reached skill level 16 in Long Blades
 13373 | Lair:3   | Found a staircase to the Snake Pit.
 13769 | Lair:4   | Noticed an eight-headed hydra
 13776 | Lair:4   | Killed a five-headed hydra
 13842 | Lair:4   | Reached XP level 13. HP: 106/122 MP: 17/17
 14059 | Lair:4   | Found a staircase to the Slime Pits.
 14573 | Lair:4   | Received a gift from Okawaru
 14786 | Lair:5   | Entered Level 5 of the Lair of Beasts
 14883 | Lair:5   | Noticed Kirke
 14899 | Lair:5   | Killed Kirke
 15080 | Lair:5   | Found a large runed translucent door.
 15080 | Lair:5   | Found a large runed translucent door.
 15080 | Lair:5   | Noticed a fire dragon
 15096 | Lair:5   | Received a gift from Okawaru
 15321 | Lair:5   | Reached skill level 17 in Long Blades
 15866 | Lair:5   | Killed a fire dragon
 16266 | D:10     | Found a hide-covered altar of Uskayaw.
 16269 | D:10     | Found an ornate altar of the Wu Jian Council.
 16273 | D:10     | Found an ancient bone altar of Kikubaaqudgha.
 17167 | D:11     | Found a basalt altar of Yredelemnul.
 17169 | D:11     | Noticed Snorg
 17181 | D:11     | Killed Snorg
 17190 | D:11     | Received a gift from Okawaru
 17191 | D:11     | Reached XP level 14. HP: 122/133 MP: 17/19
 17654 | D:12     | Reached skill level 15 in Fighting
 17948 | D:12     | Lost mutation: You are occasionally teleported next to
                  | monsters. [potion of mutation]
 17948 | D:12     | Lost mutation: You have a somewhat thin skeletal structure.
                  | (Dex +2, Stealth+) [potion of mutation]
 17948 | D:12     | Gained mutation: Your mind is acute. (Int +4, Str/Dex -1)
                  | [potion of mutation]
 17948 | D:12     | Gained mutation: You expend magic power (3 MP) to
                  | strengthen your wands. [potion of mutation]
 18686 | D:12     | Found a shimmering altar of Xom.
 18868 | D:12     | Reached skill level 5 in Evocations
 19089 | D:13     | Noticed Rupert
 19090 | D:13     | Paralysed by Rupert for 4 turns
 19103 | D:13     | Killed Rupert
 19150 | D:13     | Found a gate to the Vaults.
 19247 | D:13     | Noticed Jorgrun
 19345 | D:13     | Noticed Sonja
 19353 | D:13     | Found a flickering gateway to a bazaar.
 19361 | D:13     | Reached skill level 18 in Long Blades
 19378 | Bazaar   | Entered a bazaar
 19479 | Bazaar   | Found Ijepeces's Jewellery Boutique.
 19556 | Bazaar   | Found Unnus's Magic Scroll Shoppe.
 19600 | Bazaar   | Found Enyeweq's Jewellery Shoppe.
 19608 | Bazaar   | Bought the amulet of Ninaural {Reflect Harm rF++ Int+3
                  | SH+5} for 547 gold pieces
 19661 | Bazaar   | Found Virhihuc's Assorted Antiques.
 19669 | Bazaar   | Bought a scroll of teleportation for 102 gold pieces
 19669 | Bazaar   | Bought a potion of heal wounds for 170 gold pieces
 19669 | Bazaar   | Bought a scroll of enchant armour for 255 gold pieces
 19928 | Bazaar   | Bought a scroll of enchant weapon for 52 gold pieces
 19986 | Bazaar   | Bought a lumpy peridot amulet for 170 gold pieces
 20016 | Bazaar   | Bought the amulet of Hospitality {Spirit SInv} for 618 gold
                  | pieces
 20159 | D:13     | Identified the +6 broad axe of Ohitenn {freeze, *Corrode
                  | rF++} (Okawaru gifted it to you on level 13 of the Dungeon)
 20159 | D:13     | Received a gift from Okawaru
 20177 | D:13     | Noticed Josephine
 20184 | D:13     | Killed Josephine
 20198 | D:13     | Killed Jorgrun
 20268 | D:13     | HP: 1/137 [skeletal warrior/+3 scimitar[a death knight]
                  | (14)]
 20269 | D:13     | Annihilated by a skeletal warrior

Illustrated notes

Levels and vault maps discovered:
D:1:      mrwooster_arrival_arrow, layout_basic,
          dreamdust_ecumenical_altar_angels_and_demons, grunt_decor_fettered,
          minmay_tall_x
D:2:      layout_rooms, basic_altar, uniq_sigmund
D:3:      layout_loops_ring, corexii_shack, guppyfry_early_lair_pool
D:4:      layout_cave_pods, uniq_edmund, uniq_grinder, uniq_crazy_yiuf_cottage
D:5:      layout_basic, nicolae_tso_swordbearing_angel,
          gammafunk_ghost_stat_death, dreamdust_wishing_well, uniq_duvessa
D:6:      layout_basic, mainiacjoe_overflow_catwalk, serial_shops,
          kennysheep_mini, uniq_eustachio
D:7:      layout_basic, mainiacjoe_overflow_brackets, minmay_temple_entry_arrows
D:8:      layout_layer_cave
D:9:      minmay_inner_zag, layout_basic, orc_0_dummy, special_room
          [special_room_kobold], minmay_nine_imps, uniq_erolcha
D:10:     nicolae_BIG_FREAKIN_CUBE, layout_basic, grunt_temple_overflow_open,
          erik_lair_orcish_takeover, eino_small_chamber_without_monster,
          david_greed
D:11:     layout_cave_pools, nicolae_yredelemnul_corpse_copse, uniq_snorg
D:12:     layout_long_grid, tgw_xom
D:13:     layout_long_grid, hangedman_vaults_entry_quadrant_bands, serial_shops,
          bzr_entry_gold, uniq_jorgrun, uniq_josephine, uniq_sonja, uniq_rupert
Lair:1:   layout_cave_pods, grunt_megastairs_4, lemuel_fruit_tree,
          lemuel_fruit_fields, serial_bayou_shore_a, serial_bayou_shore_b
Lair:2:   layout_gridlike
Lair:3:   layout_cave_pods, shoals_dummy_entry,
          minmay_snake_entry_guardpost_small, small_statue_intersection,
          grunt_megastairs_1
Lair:4:   beast_lair_carwin_large_2, layout_gridlike, slime_entry_1,
          minmay_hedge_maze, patterned_corridor
Lair:5:   cheibrodos_lair_end_hotspot, layout_regular_city, uniq_kirke

Skill      XL: |  1  2  3  4  5  6  7  8  9 10 11 12 13 14 |
---------------+-------------------------------------------+-----
Fighting       | 4 5 6 7 9 10 12 13 14 16 | 16.3
Armour         | 4 5 6 7 8 9 |  9.7
Axes           | 4 |  4.9
Dodging        | 1 2 3 4 5 6 7 |  7.4
Shields        | 4 |  4.0
Invocations    | 1 3 4 5 6 7 8 9 |  9.5
Maces & Flails | 2 |  2.6
Long Blades    | 2 7 10 12 14 16 17 18 | 18.1
Stealth        | 1 2 3 4 |  4.9
Evocations     | 1 3 4 5 |  5.6
Throwing       | |  0.4

Action                   |  1- 3 |  4- 6 |  7- 9 | 10-12 | 13-15 || total
-------------------------+-------+-------+-------+-------+-------++-------
Melee: War axe           |    76 |    56 |       |       |       ||   132
       Headbutt          |    11 |     6 |    22 |    74 |   122 ||   235
       Whip              |       |    44 |    26 |       |       ||    70
       Double sword      |       |       |   202 |   352 |   439 ||   993
       Flail             |       |       |       |       |    22 ||    22
       Long sword        |       |       |       |       |    13 ||    13
Throw: Dart              |       |       |       |     2 |       ||     2
Invok: Heroism           |       |       |       |     2 |     8 ||    10
       Finesse           |       |       |       |       |     1 ||     1
Evoke: Wand              |       |       |     1 |    14 |    11 ||    26
  Use: Potion            |     1 |       |     5 |     4 |    19 ||    29
       Scroll            |       |       |    17 |     3 |    15 ||    35
 Stab: Distracted        |       |     1 |       |     2 |       ||     3
       Sleeping          |       |       |     2 |     8 |     5 ||    15
       Paralysed         |       |       |       |       |     1 ||     1
Armor: Scale mail        |    52 |    47 |    10 |       |       ||   109
       Ring mail         |       |       |   112 |   114 |   166 ||   392
       Skin              |       |       |       |     4 |       ||     4
       Chain mail        |       |       |       |       |    26 ||    26
Dodge: Dodged            |    41 |    45 |   178 |   223 |   347 ||   834
Block: Buckler           |    21 |       |       |       |       ||    21
       Orb               |       |       |       |       |     6 ||     6
